 Dungeon Crawl Stone Soup version 0.14.2 (webtiles) character file.

306 theanonym the Chopper (level 5, -1/50 HPs)
             Began as a Deep Dwarf Fighter on Dec 5, 2018.
             Slain by Prince Ribbit (2 damage)
             ... on Level 4 of the Dungeon.
             The game lasted 00:04:13 (2318 turns).

theanonym the Chopper (Deep Dwarf Fighter)          Turns: 2318, Time: 00:04:13

HP  -1/50        AC  6     Str 21      XL: 5   Next: 75%
MP   5/5         EV  6     Int  8      God:
Gold 72          SH 19     Dex 12      Spells:  0 memorised,  4 levels left

rFire  . . .     SeeInvis .     a - +0 war axe
rCold  . . .     Clarity  .     b - +0 scale mail
rNeg   . . .     Conserve .     c - +0 shield
rPois  .         rCorr    .     (no helmet)
rElec  .         rRot     .     (no cloak)
SustAb . .       Spirit   .     (no gloves)
rMut   .         Warding  .     (no boots)
Gourm  +         Stasis   .     h - amulet of the gourmand
MR     .....                    (no ring)
                                (no ring)

@: non-regenerating, not resistant to hostile enchantments, extremely unstealthy
A: damage resistance, recharge devices, sense surroundings 1, slow healing 3
a: Device Recharging


Innate Abilities, Weirdness & Mutations

You are resistant to damage.
You can recharge devices by infusing magical energy.
You passively map a small area around you.
You do not heal naturally.


   Skills:
 + Level 4.0 Fighting
 * Level 5.6 Axes
 - Level 3.2 Armour
 - Level 3.2 Shields


You had 4 spell levels left.
You didn't know any spells.

Action                   |  1- 3 |  4- 6 || total
-------------------------+-------+-------++-------
Melee: War axe           |   126 |    90 ||   216
Evoke: Wand              |     1 |     6 ||     7
  Use: Scroll            |       |     6 ||     6

Inventory:

Hand weapons
 a - a +0,+0 war axe (weapon)
Armour
 b - a +0 scale mail (worn)
 c - a +0 shield (worn)
Magical devices
 d - a wand of heal wounds (2)
 i - a wand of slowing (9)
   (You took it off Natasha on level 3 of the Dungeon)
Comestibles
 m - 2 meat rations
Scrolls
 f - a scroll of noise
Jewellery
 h - an amulet of the gourmand (around neck)
   (You found it on level 2 of the Dungeon)
Potions
 e - a potion of might
 g - a potion of curing
 j - a potion of poison {unknown}
 k - a potion of resistance
 l - a potion of lignification
 n - a potion of heal wounds


You were on level 4 of the Dungeon.
You were hungry.

You visited 1 branch of the dungeon, and saw 4 of its levels.

You collected 72 gold pieces.

Dungeon Overview and Level Annotations

Branches:
Dungeon (4/15)
 Temple: D:4-7

Altars:
Ashenzari
Fedhas

Portals:
Sewer: D:4

Annotations:
D:4 Prince Ribbit

#..*#.# #.# #.# *
#.###.#### ,
#.?......######
#.?...........
#..##.##.##.>#
##..##.#...#..# ###
#..........#..###.# ...#
##.#######.@......#
#...##..#≈≈≈SS#.#F######
.# #.#..#≈≈∩≈s+.#.# .#
#....#≈≈≈≈s#.#.#
.###.#..#######...#
#.(.##..........#.#
.........>##.####$#
##.###....##.# .#
##.........., , .


You could see Prince Ribbit, 2 adders and a giant cockroach.

Notes
Turn   | Place    | Note
--------------------------------------------------------------
     0 | D:1      | theanonym, the Deep Dwarf Fighter, began the quest for the Orb.
     0 | D:1      | Reached XP level 1. HP: 20/20 MP: 1/1
    41 | D:1      | HP: 7/20 [gnoll (6)]
    42 | D:1      | Reached XP level 2. HP: 9/27 MP: 2/2
   385 | D:1      | Reached skill level 3 in Axes
   456 | D:1      | Reached skill level 3 in Fighting
   683 | D:1      | Reached XP level 3. HP: 29/34 MP: 3/3
  1019 | D:2      | Found a shattered altar of Ashenzari.
  1031 | D:2      | Found a blossoming altar of Fedhas.
  1280 | D:2      | Reached skill level 4 in Axes
  1623 | D:3      | Noticed Natasha
  1646 | D:3      | Killed Natasha
  1646 | D:3      | Reached XP level 4. HP: 22/42 MP: 4/4
  1688 | D:3      | HP: 18/42 [worker ant zombie (4)]
  1731 | D:3      | Reached skill level 5 in Axes
  1731 | D:3      | Reached XP level 5. HP: 40/50 MP: 5/5
  1768 | D:3      | Noticed Natasha
  1772 | D:3      | Killed Natasha
  1807 | D:3      | HP: 24/50 [gnoll/spear (3)]
  1901 | D:3      | Reached skill level 4 in Fighting
  2238 | D:3      | Noticed Natasha
  2240 | D:3      | Killed Natasha
  2291 | D:4      | Found a glowing drain.
  2305 | D:4      | Noticed Prince Ribbit
  2306 | D:4      | HP: 14/50 [Prince Ribbit (10)]
  2316 | D:4      | HP: 19/50 [Prince Ribbit (10)]
  2317 | D:4      | HP: 6/50 [Prince Ribbit (13)]
  2318 | D:4      | HP: 1/50 [Prince Ribbit (5)]
  2318 | D:4      | Slain by Prince Ribbit

Vanquished Creatures
  A hound (D:3)
  Natasha (thrice) (D:3)
  2 worker ant zombies (D:3)
  An adder (D:3)
  5 gnolls
  2 giant mites
  An inept feature mimic (D:2)
  A giant gecko (D:2)
  2 oozes (D:1)
  2 orcs (D:3)
  2 ball pythons
  A bat (D:3)
  A bat skeleton (D:3)
  3 giant cockroaches (D:1)
  A giant mite zombie (D:3)
  6 goblins
  9 hobgoblins
  A quokka (D:3)
  2 giant newts
  A goblin skeleton (D:3)
  A jackal zombie (D:3)
  8 kobolds
  A kobold skeleton (D:3)
  A kobold zombie (D:3)
  An orc skeleton (D:3)
  6 rats
  A rat zombie (D:3)
66 creatures vanquished.

Table legend:
 A = Turns spent in this place as a percentage of turns spent in the entire game.
 B = Non-inter-level travel turns spent in this place as a percentage of non-inter-level travel turns spent in the entire game.
 C = Inter-level travel turns spent in this place as a percentage of turns spent in this place.
 D = Turns resting spent in this place as a percentage of non-inter-level travel turns spent in this place.
 E = Turns spent auto-exploring this place as a percentage of non-inter-level travel turns spent in this place.
 F = Non-inter-level travel turns spent in this place divided by the number of levels of this place that you've seen.
                   A       B       C       D       E      F
               +-------+-------+-------+-------+-------+----------------------
         Total | 100.0 | 100.0 |   0.9 |   0.5 |  14.3 | 208.8
       Dungeon | 100.0 | 100.0 |   0.9 |   0.5 |  14.3 | 208.8
               +-------+-------+-------+-------+-------+----------------------
